Unix NetHack Version 5.0.0-0 post-release - last build May 31 2026 23:59:36 (970b52f25bf058293b47ddfd14a1e40e571c508c,branch:main).

Game began 2026-06-04 20:14:21, ended 2026-06-04 22:11:27.

FalseGod, lawful male human Knight

          -.-----------
          |({.........+
         #..`.........|
         #-----.-------
         #     ##
         #      ######
         #           #####
         #         ------.--------
         #         |..............###
         #         |.............|  #
         #         |.............|  ###
    ---- #         |.............+ ####
    |$$. f         |.............|   ###
    |$$.|@         ---------------    #
    |$$.a#                            #  ------
    -----                             ###.....|
                                         |..(.|
                                         |...<.#
                                         ------

FalseGod the Bachelor    St:14 Dx:10 Co:12 In:8 Wi:14 Ch:17  Lawful
Dlvl:7  $:0  HP:0(60) Pw:47(47) AC:1  Xp:7 T:3645  Burdened

Latest messages:
 Gravel flies up from the floor.
 What do you want to read? [klnvyMOT or ?*] T
 You begin to memorize the runes.
 You add the "force bolt" spell to your repertoire, as 'd'.
 What do you want to drop? [a-ik-nprt-wyB-DHMOPRTUX-Z or ?*] <esc>
 Never mind.
 In what direction? .
 Loot in what direction? h
 Do you want to remove the saddle from the pony? [ynq] (n) n
 You can't loot anything else there with the saddled pony in the way.
 You stop.  Your saddled pony is in the way!
 You see here an empty broken chest.
 In what direction? .
 You put a spellbook of force bolt into the chest.
 The door opens.
 Pick a monster, object or location.
 Welcome to David's treasure zoo!
 The dingo wakes up!
 The soldier ant wakes up!
 The soldier ant bites!
 The soldier ant stings!
 What do you want to zap? [bimuwZ or ?*] ?
 In what direction? y
 The magic missile hits the dingo!
 The magic missile hits the kobold lord!
 The kobold lord wakes up!
 The kobold lord screams!
 The brown pudding wakes up.
 The giant spider wakes up.
 The newt wakes up.
 The magic missile bounces!
 The soldier ant misses!
 The soldier ant stings!
 The dingo misses!
 The soldier ant misses!
 The soldier ant stings!
 The dingo bites!
 The soldier ant bites!
 The soldier ant stings!
 The soldier ant misses!
 The soldier ant misses!
 The soldier ant bites!
 The soldier ant stings!
 The soldier ant bites!
 You die...
 Do you want your possessions identified? [ynq] (y) y
 Do you want to see your attributes? [ynq] (y) n
 Do you want an account of creatures vanquished? [ynaq] (y) n
 Do you want to see your conduct and achievements? [ynq] (y) n
 Do you want to see the dungeon overview? [ynq] (y) n

Inventory:
 Weapons  (')')
  a - the blessed rustproof +1 Excalibur (weapon in right hand)
 Armor    ('[')
  d - an uncursed +0 helmet (being worn)
  f - an uncursed +0 pair of leather gloves (being worn)
  H - an uncursed +0 pair of high boots (being worn)
  e - an uncursed +0 small shield (being worn)
  B - a blessed greased +0 dwarvish cloak (being worn)
  c - an uncursed +1 ring mail (being worn)
 Comestibles  ('%')
  g - 9 uncursed apples
  h - 6 uncursed carrots
 Scrolls  ('?')
  v - 2 uncursed scrolls of amnesia
  O - an uncursed scroll of confuse monster
  l - 2 uncursed scrolls of create monster
  k - an uncursed scroll of destroy armor
  M - an uncursed scroll of gold detection
  n - 2 uncursed scrolls of identify
  y - a cursed scroll of identify
 Potions  ('!')
  r - an uncursed potion of enlightenment
  t - an uncursed potion of extra healing
  p - an uncursed potion of oil
  R - an uncursed potion of polymorph
  U - an uncursed potion of sickness
 Rings    ('=')
  P - an uncursed ring of protection from shape changers
 Wands    ('/')
  u - a wand of cancellation (0:7)
  b - a wand of cancellation (0:4)
  i - a wand of digging (0:5)
  w - a wand of magic missile (0:4)
  m - a wand of magic missile (0:0)
  Z - a wand of stasis (0:2)
 Tools    ('(')
  D - a can of grease (0:24)
  C - a corroded +0 pick-axe (alternate weapon; not wielded)
  X - an uncursed tin whistle
 Gems/Stones  ('*')
  Y - an uncursed worthless piece of blue glass

FalseGod the Knight's attributes:

Background:
 You were a Bachelor, a level 7 male human Knight.
 You were lawful, on a mission for Lugh
 who was opposed by Brigit (neutral) and Manannan Mac Lir (chaotic).
 You were right-handed.
 You were in the Dungeons of Doom, on level 7.
 You entered the dungeon 3645 turns ago.
 It was nighttime.
 You had 745 experience points, 535 more were needed to attain level 8.

Basics:
 You had 0 out of 60 hit points.
 You had all 47 energy points (spell power).
 Your armor class was 1.
 Your wallet was empty.
 Autopickup was off.

Final Characteristics:
 Your strength was 14 (peak:17, limit:18/100).
 Your dexterity was 10 (limit:18).
 Your constitution was 12 (limit:18).
 Your intelligence was 8 (limit:18).
 Your wisdom was 14 (limit:18).
 Your charisma was 17 (limit:18).

Final Status:
 You weren't hungry.
 You were burdened; movement was slightly slowed.
 You were wielding a long sword.
 You were skilled in long sword.

Final Attributes:
 You were piously aligned.
 Your items were somewhat protected from fire.
 Your items were somewhat protected from cold.
 You were level-drain resistant.
 You saw invisible.
 You were telepathic.
 You had automatic searching.
 You could jump.
 You were warded.
 Your spell casting was impaired by metallic armor.
 You were fast.
 You are dead.

Miscellaneous:
 You didn't encounter any bones levels.
 Total elapsed playing time was 1 hour, 7 minutes and 30 seconds.

Major events:
 Turn
    1: FalseGod the lawful male human Knight entered the dungeon
  618: entered the Gnomish Mines
  675: attained the rank of Esquire (level 3)
 1158: reached Mine Town
 2111: was given Excalibur by the Lady of the Lake
 2889: attained the rank of Bachelor (level 6)
 3645: killed by a soldier ant

Spells:
 Name                 Level Category     Fail Retention
 confuse monster        1   enchantment  100%  76%-100%
 chain lightning        2   attack       100%  76%-100%
 healing                1   healing      100%  76%-100%
 force bolt             1   attack       100%  76%-100%

Skills:
 Fighting Skills
   bare handed combat [Unskilled]
   two weapon combat  [Unskilled]
   riding             [Basic]
 Weapon Skills
   dagger             [Unskilled]
   knife              [Unskilled]
   axe                [Unskilled]
   pick-axe           [Unskilled]
   short sword        [Unskilled]
   broadsword         [Unskilled]
   long sword         [Skilled]
   two-handed sword   [Unskilled]
   saber              [Unskilled]
   club               [Unskilled]
   mace               [Unskilled]
   morning star       [Unskilled]
   flail              [Unskilled]
   hammer             [Unskilled]
   polearms           [Unskilled]
   spear              [Unskilled]
   trident            [Unskilled]
   lance              [Basic]
   bow                [Unskilled]
   crossbow           [Unskilled]
 Spellcasting Skills
   attack spells      [Unskilled]
   healing spells     [Unskilled]
   clerical spells    [Unskilled]

Voluntary challenges:
 Character rerolling was not enabled.
 You never genocided any monsters.
 You never polymorphed an object.
 You never changed form.
 You used no wishes.
Achievements:
 You entered a shop.
 You entered the Gnomish Mines.
 You attained the rank of Esquire.
 You entered Minetown.
 You attained the rank of Bachelor.

 The Dungeons of Doom: levels 1 to 7
    Level 1:
       A sink.
    Level 2:
    Level 3: "vault"
       A potion shop, an altar.
       Stairs down to The Gnomish Mines.
    Level 4:
    Level 5: "vault"
    Level 6:
    Level 7: <- You were here.
       A fountain.
       Final resting place for
          you, killed by a soldier ant.
 The Gnomish Mines: levels 4 to 6
    Level 4:
    Level 5:
    Level 6:


Vanquished creatures:
  a small mimic
  a giant beetle
  9 leprechauns
  a jaguar
  2 bugbears
  a rock piercer
  a rock mole
  a fog cloud
  a yellow light
  a violet fungus
  a gnome leader
  2 elf zombies
  4 giant ants
  a little dog
  a floating eye
  a dwarf
  a kobold leader
 10 hill orcs
  a giant bat
  2 werejackals
  a hobbit
  a giant rat
  a cave spider
  2 red molds
 12 gnomes
  a garter snake
  a gecko
  2 jackals
  3 kobolds
  2 goblins
  3 sewer rats
  7 grid bugs
  2 bats
  3 lichens
  3 kobold zombies
  7 newts
94 creatures vanquished.

No species were genocided or became extinct.

Game over:
                       ----------
                      /          \
                     /    REST    \
                    /      IN      \
                   /     PEACE      \
                  /                  \
                  |     FalseGod     |
                  |       0 Au       |
                  |   killed by a    |
                  |   soldier ant    |
                  |                  |
                  |                  |
                  |       2026       |
                 *|     *  *  *      | *
        _________)/\\_//(\/(/\)/\//\/|_)_______

Fare thee well FalseGod the Knight...

You died in The Dungeons of Doom on dungeon level 7 with 3340 points,
and 0 pieces of gold, after 3645 moves.
You were level 7 with a maximum of 60 hit points when you died.

